AoeStats
← Two_Smoothie_Machines

Arabia

510370940Analyzed
3v3 RM · 2d ago on Sep 30, 2026· 31m 6s· 6 players
Game mode
Random Map
Map size
Normal (6 player)
Population
200
Speed
Normal
Resources
Standard
Victory
Conquest
Starting age
Dark Age
Ending age
Imperial Age
RankedLock teamsTeams togetherTeam positionsShared explorationLock speedFull tech treeHidden civsTurbo modeCheats
Victory
Defeat
🇨🇿 Danes · Czechia
1014
+15
🇲🇽 Cumans · Mexico
972
+17
🇦🇷 Ethiopians · Argentina
969
+17
🇫🇷 Franks · France
1038
-17
🇫🇷 Danes · France
998
-17
🇫🇷 Khmer · France
963
-15
[DMSS] IGKnud
4:13 Loom
9:40 Feudal Age
10:29 Double-Bit Axe
13:32 Fletching
21:53 Castle Age
22:08 Crossbowman
23:00 Padded Archer Armor
BlizixXx
11:16 Feudal Age
15:39 Castle Age
14:21 Double-Bit Axe
17:25 Loom
18:41 Fletching
22:19 Arson
23:23 Squires
glitter
2:29 Loom
5:15 Loom
14:39 Feudal Age
16:56 Horse Collar
19:47 Wheelbarrow
18:58 Town Watch
25:58 Forging
27:06 Fletching
27:17 Scale Mail Armor
27:58 Man-at-Arms
33:26 Castle Age
Two_Smoothie_Machines
6:57 Loom
10:15 Feudal Age
11:04 Double-Bit Axe
19:22 Castle Age
17:24 Gold Mining
18:48 Scale Barding Armor
18:54 Forging
20:22 Bow Saw
27:38 Wheelbarrow
26:49 Town Watch
BEN ABITBOL
7:12 Loom
10:03 Feudal Age
10:20 Man-at-Arms
11:28 Arson
16:21 Wheelbarrow
16:25 Double-Bit Axe
17:24 Town Watch
21:21 Castle Age
20:49 Fletching
20:59 Padded Archer Armor
23:22 Thumb Ring
24:04 Bow Saw
23:42 Crossbowman
25:51 Gold Mining
26:20 Horse Collar
Arthur Darmel
9:29 Feudal Age
13:26 Bloodlines
13:28 Double-Bit Axe
25:24 Castle Age
Connection lost

Rejoining the realm…

Still unreachable

The connection could not be restored.

Session expired

The server has moved on; the page needs a fresh start.